 Dungeon Crawl Stone Soup version 0.30-a0-457-g4b7bca3bfa (webtiles) character file.

Game seed: 18260844364830774466

1069 funkygono the Firebug (level 8, -1/53 HPs)
             Began as a Demonspawn Fire Elementalist on Dec 12, 2022.
             Was an Initiate of Vehumet.
             Slain by a gnoll sergeant
             ... wielding a +2 trident of flaming
              (16 damage)
             ... on level 5 of the Dungeon on Dec 13, 2022.
             The game lasted 00:09:27 (5788 turns).

funkygono the Firebug (DsFE)                        Turns: 5788, Time: 00:09:27

Health: -1/53      AC:  3    Str: 10    XL:     8   Next: 7%
Magic:  13/16      EV: 12    Int: 18    God:    Vehumet [......]
Gold:   225        SH:  0    Dex: 13    Spells: 7/17 levels left

rFire   . . .      SeeInvis .    f - staff of earth
rCold   . . .      Faith    .    (no shield)
rNeg    . . .      Spirit   .    a - +0 robe
rPois   .          Reflect  .    (helmet restricted)
rElec   .          Harm     .    v - +0 cloak
rCorr   .          Rampage  .    (no gloves)
Will    .....                    (no boots)
Stlth   ++........               (no amulet)
HPRegen 0.28/turn                (no ring)
MPRegen 0.15/turn                (no ring)

@: very slightly contaminated
A: antennae 2, demonic magic 1, weakness stinger 1, demonic touch 1
a: Renounce Religion


You were on level 5 of the Dungeon.
You worshipped Vehumet.
Vehumet was noncommittal.
You visited 2 branches of the dungeon, and saw 6 of its levels.

You collected 225 gold pieces.

Inventory:

Hand Weapons
 k - a +0 whip
 p - the +6 hand axe of Analysis {elec, rElec Str-5 Int+6 Dex+3}
   (You found it on level 4 of the Dungeon)

   It occasionally discharges a powerful burst of electricity upon striking a
   foe.
   Str:       It affects your strength (-5).
   Int:       It affects your intelligence (+6).
   Dex:       It affects your dexterity (+3).
   rElec:     It insulates you from electricity.
 r - a +2 dagger of protection
 u - a +2 quarterstaff of chaos
Armour
 a - a +0 robe (worn)
 h - a +0 leather armour
 v - a +0 cloak (worn)
Magical Staves
 e - a staff of cold
 f - a staff of earth (weapon)
Scrolls
 c - a scroll of identify
 d - 2 scrolls of fear
 i - 4 scrolls of teleportation
 s - a scroll of poison
Potions
 g - a potion of brilliance {unknown}
 l - a potion of haste
 m - 2 potions of lignification
 n - a potion of curing
 q - 2 potions of flight


   Skills:
 + Level 0.7 Fighting
 + Level 1.0 Staves
 + Level 2.4 Dodging
 - Level 1.7 Stealth
 + Level 5.4 Spellcasting
 + Level 4.4 Conjurations
 + Level 0.2 Translocations
 + Level 5.6 Fire Magic


You had 7 spell levels left.
You knew the following spells:

 Your Spells              Type           Power      Damage    Failure   Level
a - Foxfire               Conj/Fire      92%        2x1d8     1%          1
b - Scorch                Fire           50%        2d7       1%          2
c - Kindle Blastsparks    Fire/Tloc/Air  24%        2d12      17%         3
d - Flame Wave            Conj/Fire      23%        2d8       16%         4

Your spell library contained the following spells:

 Spells                   Type           Power      Damage    Failure   Level
 Inner Flame              Hex/Fire       15%        N/A       12%         3


Dungeon Overview and Level Annotations

Branches:
Dungeon (5/15)             Temple (1/1) D:5

Altars:
Ashenzari
Cheibriados
Fedhas
Hepliaklqana
Makhleb
Nemelex Xobeh
Qazlal
Trog
Vehumet
Wu Jian

Annotations:
D:4 2 transporters, Demz's ghost, amateur GnWn


Innate Abilities, Weirdness & Mutations

You have a pair of antennae on your head.
Spells you cast may paralyse adjacent enemies.
You have a small tail.
Your touch may inflict minor irresistible damage on your foes.


Message History

Flames lash the gnoll.
The gnoll is heavily wounded.
The gnoll's fire resistance burns away.
Malevolent energies surge around you.
The foxfire hits the gnoll sergeant but does no damage.
The gnoll sergeant is moderately wounded.
The foxfire hits the gnoll sergeant but does no damage.
The gnoll sergeant is moderately wounded.
The gnoll sergeant hits you from afar with a +2 trident of flaming!
The gnoll sergeant burns you.
Casting: Scorch (safe; 1% risk of failure)
Confirm with . or Enter, or press ? or * to list all spells.
You miscast Foxfire.
You are very lightly contaminated with residual magic.
Nothing appears to happen.
The gnoll barely misses you.
The gnoll sergeant hits you from afar with a +2 trident of flaming!
The gnoll sergeant burns you.
The gnoll sergeant is no longer more vulnerable to fire.
Magic courses through your body.
The gnoll is no longer more vulnerable to fire.
The gnoll sergeant completely misses you.
Casting: Foxfire (safe; 1% risk of failure)
Confirm with . or Enter, or press ? or * to list all spells.
You conjure some foxfire!
Malevolent energies surge around you.
The gnoll suddenly stops moving!
The gnoll sergeant hits you from afar with a +2 trident of flaming.
* * * LOW HITPOINT WARNING * * *
The gnoll sergeant burns you.
* * * LOW HITPOINT WARNING * * *
Casting: Foxfire (safe; 1% risk of failure)
Confirm with . or Enter, or press ? or * to list all spells.
Flames lash the gnoll sergeant.
The gnoll sergeant is heavily wounded.
The gnoll sergeant's fire resistance burns away.
Malevolent energies surge around you.
The foxfire hits the gnoll sergeant but does no damage.
The gnoll sergeant is heavily wounded.
The foxfire hits the gnoll sergeant but does no damage.
The gnoll sergeant is heavily wounded.
The gnoll sergeant hits you from afar with a +2 trident of flaming!
You die...

###..........###...........
##.........####..........
#.......####........####
#.<......###....†...#
####.(............###
##........##.#..##
#.........####....
#..).......###.....
#.....@.g....#.....#
##....g.Y.......#..#
#...##......##
#....#....)..#
##...#....#).).. #..<##+###
#... #...# .. ....+ . .....


You could see a yak, a gnoll sergeant (combustible) and a gnoll (paralysed).

Vanquished Creatures
  Sigmund (D:3)
  A black bear (D:4)
  2 necrophages
  A scorpion (D:2)
  A hound (D:5)
  2 jellies (D:4)
  Crazy Yiuf (D:4)
  An orc priest (D:3)
  3 orc wizards
  An iguana (D:5)
  Natasha (thrice) (D:2)
  7 gnolls
  10 adders
  An ufetubus (D:5)
  2 worms
  5 dart slugs
  22 orcs
  8 ball pythons
  11 endoplasms
  5 giant cockroaches
  9 goblins
  3 hobgoblins
  A jackal (D:1)
  7 quokkas
  5 bats
  4 frilled lizards
  6 kobolds
  3 rats
126 creatures vanquished.

Vanquished Creatures (collateral kills)
  4 foxfires
4 creatures vanquished.

Vanquished Creatures (others)
  446 foxfires
  A plant (D:2)
447 creatures vanquished.

Grand Total: 577 creatures vanquished

Notes
Turn   | Place    | Note
-------+----------+-------------------------------------------
     0 | D:1      | funkygono the Demonspawn Fire Elementalist began the quest
                  | for the Orb.
     0 | D:1      | Reached XP level 1. HP: 13/13 MP: 3/3
   244 | D:1      | Discovered your monstrous ancestry.
   244 | D:1      | Gained mutation: You have a small tail. [demonic ancestry]
   244 | D:1      | Reached XP level 2. HP: 19/19 MP: 1/5
   357 | D:1      | Found a faded altar of an unknown god.
   574 | D:1      | Learned a level 2 spell: Scorch
   813 | D:2      | Gained mutation: You have a pair of small antennae on your
                  | head. [demonic ancestry]
   813 | D:2      | Reached XP level 3. HP: 24/24 MP: 3/6
   955 | D:2      | Learned a level 3 spell: Kindle Blastsparks
  1366 | D:2      | Noticed Natasha
  1373 | D:2      | Killed Natasha
  1374 | D:2      | Reached XP level 4. HP: 21/30 MP: 0/7
  1458 | D:2      | Noticed Natasha
  1533 | D:2      | Killed Natasha
  1836 | D:2      | Noticed Natasha
  1841 | D:2      | Killed Natasha
  1842 | D:2      | Gained mutation: You have a pair of antennae on your head.
                  | [demonic ancestry]
  1842 | D:2      | Reached XP level 5. HP: 35/35 MP: 3/9
  1976 | D:2      | Learned a level 4 spell: Flame Wave
  2553 | D:2      | Gained mutation: Spells you cast may paralyse adjacent
                  | enemies. [demonic ancestry]
  2553 | D:2      | Reached XP level 6. HP: 20/41 MP: 8/11
  3103 | D:3      | Noticed Sigmund
  3111 | D:3      | Killed Sigmund
  3343 | D:2      | Reached XP level 7. HP: 45/47 MP: 2/13
  3434 | D:3      | Reached skill level 1 in Staves
  3508 | D:3      | Found a broken altar of Ashenzari.
  4328 | D:4      | Found a transporter.
  4333 | D:4      | Identified the +6 hand axe of Analysis {elec, rElec Str-5
                  | Int+6 Dex+3}
  4333 | D:4      | Noticed Demz's ghost (amateur GnWn)
  4671 | D:4      | Reached skill level 5 in Fire Magic
  5033 | D:4      | Reached skill level 5 in Spellcasting
  5247 | D:4      | Found a transporter.
  5313 | D:4      | Found a runed translucent door.
  5314 | D:4      | Noticed Crazy Yiuf
  5409 | D:4      | Killed Crazy Yiuf
  5432 | D:5      | Entered Level 5 of the Dungeon
  5432 | D:5      | Found a staircase to the Ecumenical Temple.
  5514 | Temple   | Entered the Ecumenical Temple
  5514 | Temple   | Found a transporter.
  5514 | Temple   | Found a transporter.
  5529 | Temple   | Found a transporter.
  5529 | Temple   | Found a transporter.
  5545 | Temple   | Became a worshipper of Vehumet
  5639 | D:5      | Gained mutation: Your touch may inflict minor irresistible
                  | damage on your foes. [demonic ancestry]
  5639 | D:5      | Reached XP level 8. HP: 53/53 MP: 9/16
  5788 | D:5      | Slain by a gnoll sergeant

Illustrated notes

Levels and vault maps discovered:
D:1:      heliophobic_arrival_henge, layout_basic,
          ebering_ecumenical_altar_abandoned, minmay_heptomino_h4
D:2:      layout_basic, serial_bayou_pond_d, st_stairs_5,
          kennysheep_generic_room_2, uniq_natasha
D:3:      cheibrodos_pilgrimage, layout_basic, nicolae_ashenzari_skybound,
          uniq_sigmund
D:4:      minmay_wonky_spiral, layout_cave_pools, gammafunk_ghost_stat_death,
          skrybe_limestone_x, chequers_arboretum, uniq_crazy_yiuf_cottage
D:5:      minmay_recursive_quarters, layout_cave_pools,
          minmay_temple_entry_trees, dreamdust_princess_corridor,
          amcnicky_mini_rare_corridor_liquid, minmay_liquid_box, minivault_26,
          uniq_grinder, uniq_menkaure, uniq_ijyb, uniq_eustachio
Temple:   hellmonk_temple_divided_pantheon

Skill      XL: |  1  2  3  4  5  6  7 |
---------------+----------------------+-----
Fire Magic     | 3 4 5 |  5.6
Dodging        | 2 |  2.4
Conjurations   | 2 3 4 |  4.4
Spellcasting   | 3 4 5 |  5.4
Staves         | 1 |  1.0
Fighting       | |  0.7
Stealth        | |  1.7
Translocations | |  0.2

Action                   |  1- 3 |  4- 6 |  7- 9 || total
-------------------------+-------+-------+-------++-------
Melee: Unarmed           |     3 |       |       ||     3
       Staff             |     1 |    22 |     4 ||    27
       Tailslap          |       |     3 |       ||     3
       Punch             |       |     1 |       ||     1
 Cast: Foxfire           |    71 |    90 |   109 ||   270
       Scorch            |     2 |    19 |    20 ||    41
       Kindle Blastspark |       |       |     2 ||     2
  Use: Scroll            |       |       |    11 ||    11
       Potion            |       |       |     1 ||     1
Armor: Robe              |     6 |     4 |       ||    10
Dodge: Dodged            |    11 |    39 |     7 ||    57

Table legend: (Time is in decaauts)
 A = Elapsed time spent in this place.
 B = Non-inter-level travel time spent in this place.
 C = Inter-level travel time spent in this place.
 D = Time resting spent in this place.
 E = Time spent auto-exploring this place.
 F = Levels seen in this place.
 G = Mean time per level.
                   A        B        C        D        E       F      G
               +--------+--------+--------+--------+--------+-----+--------+
         Total |   5795 |   5680 |    115 |    107 |   4594 |   6 |  965.8 |
       Dungeon |   5735 |   5620 |    115 |    107 |   4572 |   5 | 1147.0 |
        Temple |     60 |     60 |      0 |      0 |     22 |   1 |   60.0 |
               +--------+--------+--------+--------+--------+-----+--------+

Top non-repeatable levels by time:
     D:3: 1751 daAuts
     D:2: 1576 daAuts
     D:4: 1175 daAuts
     D:1: 936 daAuts
     D:5: 295 daAuts
  Temple: 60 daAuts
